 Dungeon Crawl Stone Soup version 0.31-a0-233-g139696dc86 (webtiles) character file.

Game seed: 16210940938224342658

42 qw the Shooter (level 3, 0/21 HPs)
             Began as a Gargoyle Hexslinger on July 8, 2023.
             Slain by an endoplasm (3 damage)
             ... on level 1 of the Dungeon.
             The game lasted 00:00:18 (801 turns).

qw the Shooter (Gargoyle Hexslinger)                 Turns: 801, Time: 00:00:18

Health: 0/21       AC:  5    Str: 11    XL:     3   Next: 54%
Magic:  4/4        EV: 12    Int: 13    God:
Gold:   38         SH:  0    Dex: 20    Spells: 3/4 levels left

rFire   . . .        Y - +1 sling
rCold   . . .        (no shield)
rNeg    + . .        c - +0 robe
rPois   inf          (no helmet)
rElec   +            (no cloak)
rCorr   .            (no gloves)
SInv    .            (no boots)
Will    .....        (no amulet)
Stlth   ++           d - +6 ring of dexterity
HPRegen 0.23/turn    (no ring)
MPRegen 0.09/turn

%: no passive effects
@: no status effects
A: sickness immunity, AC +3, negative energy resistance 1, electricity
resistance, torment resistance 1, petrification resistance
a: no special abilities


You were on level 1 of the Dungeon.
You visited 1 branch of the dungeon, and saw 2 of its levels.

You collected 38 gold pieces.


Innate Abilities, Weirdness & Mutations

You are immune to sickness and miasma.
Your stone body is resilient. (AC +3)
You are immune to poison.
You resist negative energy. (rN+)
You are resistant to electric shocks. (rElec)
You are resistant to unholy torment.
You are immune to petrification.


   Skills:
 - Level 2.0 Fighting
 + Level 3.4 Ranged Weapons
 - Level 1.5 Dodging
 - Level 1.0 Spellcasting
 - Level 2.6 Hexes


You had 3 spell levels left.
You knew the following spells:

 Your Spells              Type           Power      Damage    Failure   Level
a - Slow                  Hex            28%        N/A       10%         1

Your spell library contained the following spells:

 Spells                   Type           Power      Damage    Failure   Level
 Inner Flame              Hex/Fire       4%         N/A       43%         3
 Portal Projectile        Hex/Tloc       8%         N/A       43%         3
 Cause Fear               Hex            3%         N/A       67%         4

Inventory:

Hand Weapons
 Y - a +1 sling (weapon)
Armour
 c - a +0 robe (worn)
Jewellery
 d - a +6 ring of dexterity (left hand)
 e - a ring of ice
Potions
 g - a potion of mutation {unknown}

Dungeon Overview and Level Annotations

Branches:
Dungeon (2/15)

Altars:


Message History

You kill the ball python!
The quokka bites you.
The kobold hits you with a +0 short sword.
The endoplasm hits you.
The quokka bites you but does no damage.
794 ||| STAIRDANCE The endoplasm barely misses you.
The kobold misses you. The quokka closely misses you.
You climb upwards.
There is a stone staircase leading down here.
Enter note:
Enter note:
Enter note:
Enter note:
Enter note:
Enter note: You shoot a sling bullet.
The sling bullet hits the kobold.
The kobold is moderately wounded.
The kobold closely misses you. The endoplasm freezes you.
You are frozen.
You shoot a sling bullet. The sling bullet hits the kobold.
You kill the kobold!
The endoplasm barely misses you. The quokka bites you.
You shoot a sling bullet.
The sling bullet closely misses the quokka.
The endoplasm closely misses you.
The quokka bites you but does no damage.
The endoplasm misses you.
You shoot a sling bullet. The sling bullet hits the quokka.
You kill the quokka!
The endoplasm hits you but does no damage.
You shoot a sling bullet.
The sling bullet hits the endoplasm but does no damage.
The endoplasm freezes you.
You are frozen.
You shoot a sling bullet. The sling bullet hits the endoplasm.
The endoplasm is severely wounded.
The endoplasm hits you.
You die...

.###.###P###.# #.# .#.........#.#
#.# .#P#P#.#.#P#.# #.#
.#..P...P..#)###########.########
.###.###P###................)....
.#.........#.###.################
.............# #.# #######..#####
#J# #%## #@# #######.########)#
......)..........#
##################


You could see an endoplasm.

Vanquished Creatures
  A gnoll (D:1)
  A dart slug (D:1)
  3 bats (D:1)
  3 endoplasms (D:1)
  3 goblins (D:1)
  2 hobgoblins (D:1)
  2 jackals (D:1)
  3 kobolds (D:1)
  2 quokkas (D:1)
  4 ball pythons
  2 frilled lizards (D:1)
  2 rats
28 creatures vanquished.

Notes
Turn   | Place    | Note
-------+----------+-------------------------------------------
     0 | D:1      | qw the Gargoyle Hexslinger began the quest for the Orb.
     0 | D:1      | Reached XP level 1. HP: 12/12 MP: 2/2
     0 | D:1      | 0 ||| qw: Version: 0.3-a-46-gb1f654a
     0 | D:1      | 0 ||| qw: Game counter: 3670
     0 | D:1      | 0 ||| qw: Melee chars always use a shield: true
     0 | D:1      | 0 ||| qw: God list: Okawaru
     0 | D:1      | 0 ||| qw: Allow faded altars: false
     0 | D:1      | 0 ||| qw: Do Orc after clearing Dungeon:15 true
     0 | D:1      | 0 ||| qw: Do second Lair branch before Depths: true
     0 | D:1      | 0 ||| qw: Lair rune preference: random
     0 | D:1      | 0 ||| qw: Goals: Normal
     0 | D:1      | 0 ||| PLANNING D:1-11
    68 | D:1      | Reached skill level 3 in Ranged Weapons
    68 | D:1      | Reached XP level 2. HP: 16/16 MP: 3/3
   187 | D:1      | Reached XP level 3. HP: 14/21 MP: 4/4
   592 | D:1      | Found a faded altar of an unknown god.
   763 | D:1      | 763 ||| UPGRADING to +6 ring of dexterity.
   764 | D:1      | 764 ||| READING scroll labelled OFRUAM NURU.
   765 | D:1      | 765 ||| DROPPING scroll of poison.
   791 | D:2      | 791 ||| STAIRDANCE
   794 | D:2      | 794 ||| STAIRDANCE
   800 | D:1      | HP: 2/21 [frozen (4)]
   801 | D:1      | Slain by an endoplasm

Levels and vault maps discovered:
D:1:      mainiacjoe_arrival_reflecting_pool, layout_loops_ring,
          shapermc_ecumenical_altar_mp_urbaneastern, grunt_decor_mini_mirrors
D:2:      wad_woods_settlement, layout_basic, serial_shops,
          nicolae_shop_pleasant_corner_grove, minmay_rat_gold_closets

Skill      XL: |  1  2  3 |
---------------+----------+-----
Ranged Weapons | 3 |  3.4
Fighting       | 2 |  2.0
Dodging        | |  1.5
Spellcasting   | |  1.0
Hexes          | |  2.6

Action                     || total
---------------------------++-------
   Fire: Sling             ||    85
    Use: Scroll            ||     1
 Armour: Robe              ||    15
  Dodge: Dodged            ||    38

Table legend:
 A = Non-vault XP
 B = Vault XP
 C = Vault XP percentage of total XP
 D = Non-vault monster count
 E = Vault monster count
 F = Vault count percentage of total count
                 A         B        C        D         E       F
            +---------+---------+-------+---------+---------+-------
      Total |      60 |       0 |   0.0 |      28 |       0 |   0.0
            +---------+---------+-------+---------+---------+-------
        D:1 |      58 |       0 |   0.0 |      26 |       0 |   0.0
        D:2 |       2 |       0 |   0.0 |       2 |       0 |   0.0
            +---------+---------+-------+---------+---------+-------
